 Dungeon Crawl Stone Soup version 0.26-a0-667-g92642533e4 (webtiles) character file.

Game seed: 5537211374906382424

1715 Ijustatesigmund the Sneak (level 8, -6/42 HPs)
             Began as a Spriggan Wanderer on Oct 16, 2020.
             Was a Follower of Okawaru.
             Mangled by a wight
             ... wielding a +3 dire flail
              (12 damage)
             ... on level 5 of the Dungeon.
             The game lasted 00:25:56 (9754 turns).

Ijustatesigmund the Sneak (Spriggan Wanderer)       Turns: 9754, Time: 00:25:56

Health: -6/42      AC:  6    Str:  9    XL:     8   Next: 74%
Magic:  11/11      EV: 20    Int: 15    God:    Okawaru [*.....]
Gold:   344        SH:  0    Dex: 15    Spells: 5/7 levels left

rFire    . . .     SeeInvis +   c - +5 short sword (vorpal)
rCold    + . .     Faith    .   (shield restricted)
rNeg     . . .     Spirit   .   a - +2 robe {rC+}
rPois    .         Reflect  .   (helmet restricted)
rElec    .         Harm     .   (no cloak)
rCorr    .         Rampage  .   (gloves unavailable)
MR       ++...     Clarity  +   (boots unavailable)
Stlth    ++........             h - amulet of inaccuracy (curse)
HPRegen  0.00/turn              m - ring of protection from magic
MPRegen  0.12/turn              u - ring of attention (curse)

@: drained, very quick
A: very small, unfitting armour, yellow scales 1, see invisible, clarity, speed
3, inhibited regeneration
a: Heroism, Renounce Religion


You were on level 5 of the Dungeon.
You worshipped Okawaru.
Okawaru was aware of your devotion.
You visited 2 branches of the dungeon, and saw 7 of its levels.
You also visited: Sewer.

You collected 344 gold pieces.

Inventory:

Hand Weapons
 c - a +5 vorpal short sword (weapon)
 t - the +1 dagger "Egheq" {flame, Dex+2 SInv}
   (You found it on level 6 of the Dungeon)

   It has been specially enchanted to burn those struck by it, causing extra
   injury to most foes and up to half again as much damage against particularly
   susceptible opponents.
   It affects your dexterity (+2).
   It lets you see invisible.
Missiles
 b - 6 poisoned darts (quivered)
 i - 46 bolts
Armour
 a - a +2 robe of cold resistance (worn)
Jewellery
 h - a cursed amulet of inaccuracy (around neck)
 m - a ring of protection from magic (left hand)
 s - an uncursed amulet of the acrobat {unknown}
 u - a cursed ring of attention (right hand)
 w - an uncursed amulet of guardian spirit {unknown}
Wands
 q - a wand of flame (7)
Scrolls
 d - 4 scrolls of amnesia
 e - 4 scrolls of teleportation
 g - a scroll of fog
 j - a scroll of blinking
 n - a scroll of fear
 o - a scroll of identify
 x - a scroll of noise {unknown}
Potions
 f - 6 potions of curing
 k - 2 potions of stabbing
 l - a potion of flight
 p - a potion of resistance
 r - 2 potions of haste
 v - a potion of might


   Skills:
 + Level 4.4(3.7) Fighting
 + Level 5.4(4.7) Short Blades
   Level 2.1(1.5) Staves
 - Level 2.6(2.0) Throwing
 + Level 6.0(5.3) Dodging
 + Level 6.8(6.1) Stealth
 - Level 5.9(5.2) Translocations
   Level 1.7(1.1) Earth Magic
 + Level 3.0(2.4) Invocations
 - Level 1.3(0.7) Evocations


You had 5 spell levels left.
You knew the following spells:

 Your Spells              Type           Power        Failure   Level
a - Blink                 Tloc           N/A          4%          2

Your spell library contained the following spells:

 Spells                   Type           Power        Failure   Level
 Gell's Gravitas          Tloc           ###.......   10%         3
 Lesser Beckoning         Tloc           ###.......   10%         3
 Teleport Other           Tloc           ###.....     10%         3
 Sting                    Tmut/Pois      #...         26%         1
 Passage of Golubria      Tloc           N/A          32%         4
 Poisonous Vapours        Pois/Air       #.....       38%         2
 Ignite Poison            Fire/Tmut/Pois #.......     63%         3
 Mephitic Cloud           Conj/Pois/Air  #.......     63%         3
 Olgreb's Toxic Radiance  Pois           #.......     95%         4


Dungeon Overview and Level Annotations

Branches:
Dungeon (6/15)             Temple (1/1) D:5           Sewer (visited)

Altars:
Ashenzari
Dithmenos
Elyvilon
Fedhas
Gozag
Hepliaklqana
Kikubaaqudgha
Makhleb
Nemelex Xobeh
Okawaru
Qazlal
Ru
Sif Muna
Trog
Uskayaw
Vehumet
Wu Jian
Xom
Yredelemnul
Zin
The Shining One

Shops:
D:5 =

Annotations:
D:5 PanSaczeczos's ghost, novice VSFi


Innate Abilities, Weirdness & Mutations

You are very small and have problems with some larger weapons.
You are too small for most types of armour.
You have supernaturally acute eyesight. (SInv)
You cover ground extremely quickly.
You are partially covered in yellow scales. (AC +2)
You possess an exceptional clarity of mind.
You do not regenerate when monsters are visible.


Message History

The wight barely misses you.
You hit the wight.
The wight is severely damaged.
The wight misses you.
You completely miss the wight.
The wight is severely damaged.
The wight misses you.
You barely miss the wight.
The wight is severely damaged.
The wight hits you with a +3 dire flail!
You feel drained.
* * * LOW HITPOINT WARNING * * *
You barely miss the wight.
The wight is severely damaged.
You miss the wight.
The wight is severely damaged.
The wight hits you with a +3 dire flail.
* * * LOW HITPOINT WARNING * * *
The wight hits you with a +3 dire flail!
You die...

####### #.....#
######.....########
#..................
#z####.....####.###
#>@........# #.#
###.##.....# #.#
#..##.#######.###
##.##............
#.#####.........
#.#####.#....###
#........##.....
#...............
#.........#..###


You could see a wight.

Vanquished Creatures
  Sigmund (D:2)
  An ice beast (D:6)
  3 ogres
  6 big kobolds (D:6)
  A wight (D:6)
  A howler monkey (D:5)
  A hound (D:4)
  An orc priest (D:5)
  A bullfrog skeleton (D:3)
  A jelly (D:6)
  An iguana (D:4)
  6 worker ants
  2 orc wizards
  A hound zombie (D:6)
  A hound skeleton (D:6)
  3 worker ant zombies
  A howler monkey skeleton (D:6)
  13 adders
  A white imp (D:6)
  An ufetubus (D:6)
  6 oozes
  2 worms
  A dart slug (D:3)
  4 leopard geckos
  12 orcs
  6 ball pythons
  17 giant cockroaches
  12 goblins
  5 hobgoblins
  14 jackals
  5 kobolds
  A quokka (D:3)
  6 bats
  8 frilled lizards
  A leopard gecko skeleton (D:5)
  12 rats
159 creatures vanquished.

Notes
Turn   | Place    | Note
-------+----------+-------------------------------------------
     0 | D:1      | Ijustatesigmund the Spriggan Wanderer began the quest for
                  | the Orb.
     0 | D:1      | Ijustatesigmund set off with the following items: a +0
                  | quarterstaff, a wand of random effects (15), a +0 robe; and
                  | the following spells available to memorise: Blink, Gell's
                  | Gravitas, Lesser Beckoning, Teleport Other, Passage of
                  | Golubria
     0 | D:1      | Reached XP level 1. HP: 10/10 MP: 2/2
   138 | D:1      | Reached skill level 1 in Dodging
   451 | D:1      | Reached XP level 2. HP: 14/14 MP: 3/3
  1494 | D:2      | Reached XP level 3. HP: 11/18 MP: 4/4
  1678 | D:2      | Learned a level 2 spell: Blink
  2719 | D:2      | Reached XP level 4. HP: 22/22 MP: 5/5
  2818 | D:2      | Noticed Sigmund
  2921 | D:3      | Gained mutation: You possess an exceptional clarity of
                  | mind. [potion of mutation]
  2921 | D:3      | Gained mutation: You do not regenerate when monsters are
                  | visible. [potion of mutation]
  2921 | D:3      | Gained mutation: You are partially covered in yellow
                  | scales. (AC +2) [potion of mutation]
  3194 | D:3      | Reached skill level 1 in Short Blades
  3973 | D:3      | Found a bloodstained altar of Trog.
  4116 | D:4      | Reached XP level 5. HP: 5/26 MP: 6/6
  4199 | D:4      | Found a glowing drain.
  4205 | D:4      | Noticed an ogre
  4208 | Sewer    | Entered a sewer
  5084 | D:4      | Killed an ogre
  5084 | D:4      | Reached XP level 6. HP: 20/32 MP: 7/7
  5096 | D:4      | Found a blossoming altar of Fedhas.
  5729 | D:4      | Reached skill level 5 in Translocations
  6062 | D:4      | Reached XP level 7. HP: 21/36 MP: 8/8
  6733 | D:5      | Entered Level 5 of the Dungeon
  6735 | D:5      | Found Hailer's Jewellery Shop.
  7039 | D:5      | Found a staircase to the Ecumenical Temple.
  7062 | Temple   | Entered the Ecumenical Temple
  7087 | Temple   | Became a worshipper of Warmaster Okawaru
  7667 | D:5      | Reached skill level 1 in Invocations
  7669 | D:5      | Reached skill level 5 in Stealth
  8117 | D:6      | Found a runed translucent gate.
  8117 | D:6      | Found a runed translucent gate.
  8117 | D:6      | Noticed PanSaczeczos's ghost (novice VSFi)
  8118 | D:6      | Found a runed translucent gate.
  8132 | D:6      | Got an ancient dagger
  8133 | D:6      | Identified the +1 dagger "Egheq" {flame, Dex+2 SInv} (You
                  | found it on level 6 of the Dungeon)
  8193 | D:6      | Reached XP level 8. HP: 27/42 MP: 10/10
  8612 | D:2      | Killed Sigmund
  8612 | D:2      | Reached * piety under Okawaru
  8769 | D:2      | Found a hazy altar of Hepliaklqana.
  8977 | D:6      | Reached skill level 5 in Dodging
  9034 | D:6      | Reached skill level 5 in Short Blades
  9565 | D:6      | Found a shimmering blue altar of Sif Muna.
  9754 | D:5      | Mangled by a wight

Illustrated notes

Levels and vault maps discovered:
D:1:      dpeg_arrival_rhombi, layout_basic
D:2:      layout_rooms, lemuel_round_altar, st_stairs_4, grunt_ministairs_1,
          uniq_sigmund
D:3:      layout_loops_ring, trog_book
D:4:      layout_loops_corners, lemuel_coloured_pillars_altar,
          cheibrodos_sewer_entry_drain
D:5:      layout_basic, minmay_temple_entry_glassed_door, serial_shops,
          shop_fountains
D:6:      layout_basic, led_sif_book, cheibrodos_worm_habitat,
          gammafunk_ghost_nasty_kobolds
Temple:   compressed_dpeg_circular_temple

Skill      XL: |  1  2  3  4  5  6  7  8 |
---------------+-------------------------+-----
Stealth        | 2 3 4 5 6 |  6.8
Dodging        | 1 2 3 4 6 |  6.0
Translocations | 2 3 4 5 |  5.9
Short Blades   | 1 2 3 4 5 |  5.4
Fighting       | 2 3 4 |  4.4
Invocations    | 2 3 |  3.0
Throwing       | 2 |  2.6
Staves         | |  2.1
Earth Magic    | |  1.7
Evocations     | |  1.3

Action                   |  1- 3 |  4- 6 |  7- 9 || total
-------------------------+-------+-------+-------++-------
Melee: Quarterstaff      |   119 |    10 |       ||   129
       Dagger            |       |   196 |       ||   196
       Short sword       |       |   160 |   331 ||   491
Throw: Dart              |    15 |    50 |    19 ||    84
 Cast: Blink             |       |     1 |     1 ||     2
Evoke: Wand              |    15 |     3 |    27 ||    45
  Use: Scroll            |     5 |    13 |     7 ||    25
       Potion            |       |     1 |       ||     1
 Stab: Sleeping          |     3 |    13 |     6 ||    22
       Distracted        |     1 |       |     1 ||     2
Armor: Robe              |    11 |    44 |    44 ||    99
Dodge: Dodged            |   116 |   287 |   310 ||   713

Table legend: (Time is in decaauts)
 A = Elapsed time spent in this place.
 B = Non-inter-level travel time spent in this place.
 C = Inter-level travel time spent in this place.
 D = Time resting spent in this place.
 E = Time spent auto-exploring this place.
 F = Levels seen in this place.
 G = Mean time per level.
                   A        B        C        D        E       F      G
               +--------+--------+--------+--------+--------+-----+--------+
         Total |   8087 |   7899 |    188 |   3422 |   2646 |   8 | 1010.9 |
       Dungeon |   7225 |   7043 |    182 |   3069 |   2499 |   6 | 1204.2 |
        Temple |     52 |     47 |      5 |      0 |     43 |   1 |   52.0 |
         Sewer |    808 |    808 |      0 |    353 |    104 |   1 |  808.0 |
               +--------+--------+--------+--------+--------+-----+--------+

Top non-repeatable levels by time:
     D:1: 1906 daAuts
     D:4: 1672 daAuts
     D:5: 1283 daAuts
     D:3: 915 daAuts
     D:2: 908 daAuts
   Sewer: 808 daAuts
     D:6: 539 daAuts
  Temple: 52 daAuts
